 Dungeon Crawl Stone Soup version 0.30-a0-190-g22c9a3c0ff (webtiles) character file.

Game seed: 15955656480227658522

11 Johnny the Digger (level 2, -2/18 HPs)
             Began as an Octopode Earth Elementalist on Oct 4, 2022.
             Slain by a kobold
             ... wielding a +0 short sword
              (4 damage)
             ... on level 1 of the Dungeon.
             The game lasted 00:00:25 (392 turns).

Johnny the Digger (Octopode Earth Elementalist)      Turns: 392, Time: 00:00:26

Health: -2/18      AC:  1    Str:  7    XL:     2   Next: 25%
Magic:  0/5        EV: 13    Int: 17    God:
Gold:   23         SH:  0    Dex: 12    Spells: 4/5 levels left

rFire   . . .      SeeInvis .    (no weapon)
rCold   . . .      Faith    .    (no shield)
rNeg    . . .      Spirit   .    (helmet restricted)
rPois   .          Reflect  .    (no amulet)
rElec   .          Harm     .    (no ring)
rCorr   .          Rampage  .    (no ring)
Will    .....                    (no ring)
Stlth   +++.......               (no ring)
HPRegen 0.23/turn                (no ring)
MPRegen 0.09/turn                (no ring)
                                 (no ring)
                                 (no ring)

@: no status effects
A: almost no armour, amphibious, 8 rings, camouflage 1, gelatinous body 1,
(nimble swimmer 1), tentacles
a: no special abilities


You were on level 1 of the Dungeon.
You visited 1 branch of the dungeon, and saw 1 of its levels.

You collected 23 gold pieces.

Inventory:

Scrolls
 b - a scroll of vulnerability {unknown}
 d - a scroll of enchant weapon {unknown}
 e - a scroll of enchant armour {unknown}
Potions
 a - a potion of magic
 c - a potion of ambrosia {unknown}


   Skills:
 + Level 0.4 Fighting
 + Level 2.1 Dodging
 + Level 2.9 Stealth
 + Level 2.1 Spellcasting
 + Level 1.2 Transmutations
 + Level 3.1 Earth Magic


You had 4 spell levels left.
You knew the following spells:

 Your Spells              Type           Power      Damage    Failure   Level
a - Sandblast             Erth           24%        2d8       5%          1

Your spell library contained the following spells:

 Spells                   Type           Power      Damage    Failure   Level
 Passwall                 Tmut/Erth      7%         N/A       12%         2
 Stone Arrow              Conj/Erth      14%        3d7       30%         3
 Petrify                  Tmut/Erth      9%         N/A       61%         4


Dungeon Overview and Level Annotations

Branches:
Dungeon (1/15)

Altars:


Innate Abilities, Weirdness & Mutations

You cannot wear most types of armour.
You are amphibious.
You can wear up to eight rings at the same time.
Your skin changes colour to match your surroundings (Stealth+).
Your rubbery body absorbs attacks. (AC +1, EV +1)
((You are camouflaged when in or above water. (Stealth+)))
You have tentacles for arms and can constrict up to eight enemies at once.


Message History

Aim: an endoplasm (98% to hit)
The blast of sand hits the endoplasm!
You kill the endoplasm!
Casting: Sandblast (safe; 5% risk of failure)
Confirm with . or Enter, or press ? or * to list all spells.
Aiming: Sandblast (safe; 5% risk of failure)
Press: ? - help, Shift-Dir - straight line, f - kobold
Aim: a kobold, wielding a +0 short sword (77% to hit)
The blast of sand hits the kobold but does no damage.
The kobold hits you with a +0 short sword. x2
* * * LOW HITPOINT WARNING * * *
Casting: Sandblast (safe; 5% risk of failure)
Confirm with . or Enter, or press ? or * to list all spells.
Aiming: Sandblast (safe; 5% risk of failure)
Press: ? - help, Shift-Dir - straight line, f/p - kobold
Aim: a kobold, wielding a +0 short sword (77% to hit)
The blast of sand misses the kobold.
The kobold hits you with a +0 short sword.
* * * LOW HITPOINT WARNING * * *
Casting: Sandblast (safe; 5% risk of failure)
Confirm with . or Enter, or press ? or * to list all spells.
You don't have enough magic to cast this spell.
Unknown command.
The kobold attacks as you move away!
The kobold hits you with a +0 short sword.
* * * LOW HITPOINT WARNING * * *
Casting: Sandblast (safe; 5% risk of failure)
Confirm with . or Enter, or press ? or * to list all spells.
Aiming: Sandblast (safe; 5% risk of failure)
Press: ? - help, Shift-Dir - straight line, f/p - kobold
Aim: a kobold, wielding a +0 short sword (77% to hit)
The blast of sand misses the kobold.
The kobold hits you with a +0 short sword.
* * * LOW HITPOINT WARNING * * *
The kobold closely misses you. The kobold attacks as you move away!
The kobold misses you. The kobold attacks as you move away!
The kobold closely misses you. The kobold attacks as you move away!
The kobold hits you with a +0 short sword.
You die...

♣♣ ♣♣♣≈~~♣♣♣ ♣♣♣.##..# .♣♣♣
♣♣♣..≈~≈♣♣♣♣♣♣..###..## ♣..♣♣
♣♣♣...♣♣~♣♣♣.....####)...
♣♣♣.♣♣ ♣♣...♣♣♣
♣♣.....##........ ♣♣.♣♣♣.♣♣♣♣.
♣.....#.......#. ♣♣♣♣♣...♣♣
♣.♣♣♣....###.####..#. ♣....♣♣♣♣
♣.♣.......... #..#. .♣♣♣♣♣
♣.♣.....###. ###..#. ♣♣
♣♣♣♣..@##..# #. #....#.
♣♣♣.....K...# #. #+#....
♣♣♣....#.....## #........#
♣♣♣.........##.# #........+
♣♣♣......#...#.#.# #........#
....... #...##+#.#####.........
.....####...#............######
..#.....#...#............
.............#...........


You could see a kobold.

Vanquished Creatures
  A ball python (D:1)
  3 endoplasms (D:1)
  2 goblins (D:1)
  2 hobgoblins (D:1)
  A rat (D:1)
9 creatures vanquished.

Notes
Turn   | Place    | Note
-------+----------+-------------------------------------------
     0 | D:1      | Johnny the Octopode Earth Elementalist began the quest for
                  | the Orb.
     0 | D:1      | Reached XP level 1. HP: 11/11 MP: 3/3
   344 | D:1      | Reached XP level 2. HP: 16/17 MP: 5/5
   392 | D:1      | Slain by a kobold

Illustrated notes

Levels and vault maps discovered:
D:1:      kilobyte_arrival_exit_the_forest, layout_basic,
          shapermc_ecumenical_altar_petra

Action                   || total
-------------------------++-------
Melee: Unarmed           ||    19
       Tentacles         ||     6
       Constrict         ||     5
 Cast: Sandblast         ||     8
 Stab: Sleeping          ||     2
Armor: Skin              ||     2
Dodge: Dodged            ||    14

Table legend: (Time is in decaauts)
 A = Elapsed time spent in this place.
 B = Non-inter-level travel time spent in this place.
 C = Inter-level travel time spent in this place.
 D = Time resting spent in this place.
 E = Time spent auto-exploring this place.
 F = Levels seen in this place.
 G = Mean time per level.
                   A        B        C        D        E       F      G
               +--------+--------+--------+--------+--------+-----+--------+
         Total |    396 |    396 |      0 |      0 |    303 |   1 |  396.0 |
       Dungeon |    396 |    396 |      0 |      0 |    303 |   1 |  396.0 |
               +--------+--------+--------+--------+--------+-----+--------+

Top non-repeatable levels by time:
     D:1: 396 daAuts
